 Dungeon Crawl Stone Soup version 0.31-a0-960-g0fca184906 (webtiles) character file.

Game seed: 14103696731788768476

18 Descartes the Magician (level 2, -25/19 HPs)
             Began as a Demonspawn Hedge Wizard on Oct 23, 2023.
             Annihilated by an ogre
             ... wielding a +0 giant club
              (28 damage)
             ... on level 4 of the Dungeon.
             The game lasted 00:02:48 (1069 turns).

Descartes the Magician (Demonspawn Hedge Wizard)    Turns: 1069, Time: 00:02:49

Health: -25/19     AC:  2    Str: 10    XL:     2   Next: 51%
Magic:  6/6        EV: 12    Int: 15    God:
Gold:   79         SH:  0    Dex: 12    Spells: 6/7 levels left

rFire   . . .        a - +0 dagger
rCold   . . .        (no shield)
rNeg    . . .        b - +0 robe
rPois   .            c - +0 hat
rElec   .            (no cloak)
rCorr   .            (no gloves)
SInv    .            (no boots)
Will    .....        (no amulet)
Stlth   ++           (no ring)
HPRegen 0.23/turn    (no ring)
MPRegen 0.10/turn

%: no passive effects
@: no status effects
A: hooves 1
a: no special abilities


You were on level 4 of the Dungeon.
You visited 1 branch of the dungeon, and saw 3 of its levels.

You collected 79 gold pieces.

Inventory:

Hand Weapons
 a - a +0 dagger (weapon)
Armour
 b - a +0 robe (worn)
 c - a +0 hat (worn)
Scrolls
 e - a scroll of amnesia {unknown}
 f - 3 scrolls of identify {unknown}
Potions
 d - a potion of magic
 g - a potion of enlightenment {unknown}
 h - a potion of brilliance {unknown}
 i - a potion of curing {unknown}
 j - a potion of berserk rage {unknown}
 k - a potion of degeneration {unknown}


   Skills:
 - Level 1.7 Dodging
 - Level 1.7 Stealth
 + Level 3.4 Spellcasting
 + Level 1.9 Conjurations
 - Level 1.0 Summonings
 - Level 0.8 Translocations


You had 6 spell levels left.
You knew the following spells:

 Your Spells              Type           Power      Damage    Failure   Level
a - Magic Dart            Conj           32%        1d4       9%          1

Your spell library contained the following spells:

 Spells                   Type           Power      Damage    Failure   Level
 Slow                     Hex            8%         N/A       19%         1
 Call Imp                 Summ           10%        N/A       19%         2
 Blink                    Tloc           10%        N/A       21%         2
 Cigotuvi's Dreadful Rot  Necr/Pois/Air  4%         N/A       28%         2
 Mephitic Cloud           Conj/Pois/Air  4%         N/A       41%         3
 Ozocubu's Armour         Ice            2%         N/A       50%         3
 Ozocubu's Refrigeration  Ice            1%         4d7       100%        7


Dungeon Overview and Level Annotations

Branches:
Dungeon (2/15)             Temple (0/1) D:4

Altars:

Shops:
D:1 =:(

Annotations:
D:4 Robin


Innate Abilities, Weirdness & Mutations

You have large cloven feet.


Message History

Deactivating autopickup; reactivate with Ctrl-A.
The goblin attacks as it pursues you! The goblin barely misses you.
You hear a shout!
You hear an angry growl.
The goblin attacks as it pursues you! The goblin hits you but does no damage.
The goblin attacks as it pursues you! The goblin closely misses you.
The goblin attacks as it pursues you! The goblin barely misses you.
Found a murky golden potion.
The howler monkey hoots and howls with incredible vigour!
The goblin attacks as it pursues you! The goblin completely misses you.
The howler monkey hoots and howls with incredible vigour!
The goblin attacks as it pursues you! The goblin hits you with a +0 dagger.
You see here a murky golden potion.
The goblin misses you. The goblin attacks as it pursues you!
The goblin hits you with a +0 dagger.
The howler monkey hoots and howls with incredible vigour!
You hear a shout! x2
Found a stone staircase leading down.
You open the door.
An orc comes into view.
It is wielding a +0 flail of holy wrath.
A quokka and a jelly come into view.
The jelly quivers.
There is an open door here.
The howler monkey hoots and howls with incredible vigour!
The goblin attacks as it pursues you! The goblin hits you with a +0 dagger.
The howler monkey hoots and howls with incredible vigour!
You hear a shout!
You hear an angry hiss.
You hear a bark!
An ogre comes into view. It is wielding a +0 giant club.
Found a staircase to the Ecumenical Temple.
The quokka misses you. The goblin attacks as it pursues you!
The goblin closely misses you. The jelly attacks as it pursues you!
The jelly hits you.
You are splashed with acid!
* * * LOW HITPOINT WARNING * * *
An iguana comes into view.
A hound comes into view.
The howler monkey hoots and howls with incredible vigour!
You hear a shout!
The hound barks!
The quokka attacks as it pursues you! The quokka misses you.
The ogre hits you with a +0 giant club!!
Ouch! That really hurt!
You die...

#############
#...........#
#...........#
#.....Og....#
#..h..@JS...###########
....l...r....ho....o....
..P.P........######.####
#..>.........# #.#
..P.P........# #S#
#............# #.#
##...........# #h#
############# ##.#
#####..#


You could see an ogre, a howler monkey (catching breath), an iguana, a hound, a
jelly, an orc wizard, an adder, a quokka and a goblin.

Vanquished Creatures
  3 endoplasms
  4 goblins
  2 hobgoblins
  A quokka (D:1)
  A bat (D:1)
  3 frilled lizards
  3 rats
17 creatures vanquished.

Notes
Turn   | Place    | Note
-------+----------+-------------------------------------------
     0 | D:1      | Descartes the Demonspawn Hedge Wizard began the quest for
                  | the Orb.
     0 | D:1      | Reached XP level 1. HP: 13/13 MP: 4/4
    95 | D:1      | Found Agat's Book Shoppe.
   108 | D:1      | Found Pynid's Weapon Shop.
   233 | D:1      | Found Zurum's Jewellery Shop.
   568 | D:1      | Found a faded altar of an unknown god.
   671 | D:2      | Gained mutation: You have large cloven feet. [demonic
                  | ancestry]
   671 | D:2      | Reached XP level 2. HP: 19/19 MP: 4/6
   969 | D:2      | Identified the +10 falchion of Lyist {flame, rCorr}
   969 | D:2      | You fall into a shaft and drop 2 floors!
   992 | D:4      | Identified the +1 ring mail of the Sufficient God {-Tele
                  | rN+++}
   994 | D:4      | Identified the +0 helmet "Nutav" {Will+}
   994 | D:4      | Noticed Robin
  1009 | D:4      | Noticed a howler monkey
  1065 | D:4      | Noticed an ogre
  1066 | D:4      | Found a staircase to the Ecumenical Temple.
  1069 | D:4      | Annihilated by an ogre

Illustrated notes

Levels and vault maps discovered:
D:1:      dpeg_arrival_chambers_temple_mockup, layout_rooms,
          shapermc_ecumenical_altar_mp_highgroup, serial_shops, shop,
          nicolae_shop_statue_plus, shop
D:2:      layout_basic, nrook_campfire, chequers_serial_rivers_small_3
D:4:      layout_basic, minmay_temple_entry_trees,
          hellmonk_guarded_unrand_hermit, uniq_robin

Action                     || total
---------------------------++-------
  Melee: Dagger            ||     3
         Kick              ||     1
   Cast: Magic Dart        ||    31
 Armour: Robe              ||    14
  Dodge: Dodged            ||    18

Table legend: (Time is in decaauts)
 A = Elapsed time spent in this place.
 B = Non-inter-level travel time spent in this place.
 C = Inter-level travel time spent in this place.
 D = Time resting spent in this place.
 E = Time spent auto-exploring this place.
 F = Levels seen in this place.
 G = Mean time per level.
                   A        B        C        D        E       F      G
               +--------+--------+--------+--------+--------+-----+--------+
         Total |   1070 |   1049 |     21 |      0 |    883 |   3 |  356.7 |
       Dungeon |   1070 |   1049 |     21 |      0 |    883 |   3 |  356.7 |
               +--------+--------+--------+--------+--------+-----+--------+

Top non-repeatable levels by time:
     D:1: 608 daAuts
     D:2: 362 daAuts
     D:4: 99 daAuts
